 Dungeon Crawl Stone Soup version 0.25.0-11-g1f837a76a1 (webtiles) character file.

Game seed: 287845633111260346

23 Descartes the Scratcher (level 2, -8/12 HPs)
             Began as a Felid Transmuter on June 27, 2020.
             Mangled by a worm (9 damage)
             ... on level 1 of the Dungeon.
             The game lasted 00:01:20 (1093 turns).

Descartes the Scratcher (Felid Transmuter)          Turns: 1093, Time: 00:01:21

Health: -8/12      AC:  1    Str:  6    XL:     2   Next: 72%
Magic:  6/6        EV: 18    Int: 14    God:
Gold:   17         SH:  0    Dex: 16    Spells: 2/5 levels left
                                        Lives:  0   Deaths: 0

rFire    . . .     SeeInvis +     - Unarmed
rCold    . . .     Gourm    .   (shield unavailable)
rNeg     . . .     Faith    .   (armour unavailable)
rPois    .         Spirit   .   (helmet unavailable)
rElec    .         Reflect  .   (cloak unavailable)
rCorr    .         Harm     .   (gloves unavailable)
MR       .....                  (boots unavailable)
Stlth    ++........             (no amulet)
HPRegen  0.04/turn              (no ring)
MPRegen  0.10/turn              (no ring)

@: quick
A: very small, no armour, no weapons or thrown items, stealth, claws 1, fangs 3,
see invisible, carnivore, speed 1, shaggy fur 1, slow metabolism 1, sharp paws
a: no special abilities


You were on level 1 of the Dungeon.
You were completely stuffed.

You visited 1 branch of the dungeon, and saw 2 of its levels.

You collected 17 gold pieces.

Inventory:

Missiles
 a - 12 arrows
 e - 29 stones
Scrolls
 b - 2 scrolls of identify {unknown}
 g - a scroll of remove curse {unknown}
Potions
 d - 2 potions of curing {unknown}
 h - a potion of degeneration {unknown}
Comestibles
 c - 2 rations
 f - 5 chunks of flesh


   Skills:
 - Level 1.0 Fighting
 + Level 3.1 Dodging
 * Level 2.0 Stealth
 * Level 3.4 Unarmed Combat
 - Level 2.0 Spellcasting
 + Level 2.3 Transmutations


You had 2 spell levels left.
You knew the following spells:

 Your Spells              Type           Power        Failure   Level  Hunger
a - Beastly Appendage     Tmut           #.....       9%          1    ##.....
b - Sticks to Snakes      Tmut           #.......     14%         2    ###....

Your spell library contained the following spells:

 Spells                   Type           Power        Failure   Level  Hunger
 Spider Form              Tmut/Pois      #.........   41%         3    ####...
 Ice Form                 Ice/Tmut       #.......     82%         4    #####..
 Blade Hands              Tmut           #.........   94%         5    ######.


Dungeon Overview and Level Annotations

Branches:
Dungeon (2/15)

Altars:


Innate Abilities, Weirdness & Mutations

You cannot wear armour.
You are incapable of wielding weapons or throwing items.
Your paws allow you to move quietly. (Stealth)
You have sharp claws.
You have razor-sharp teeth.
You have supernaturally acute eyesight. (SInv)
You are carnivorous and can eat meat at any time.
You cover ground quickly.
You are covered in fur. (AC +1)
You have a slow metabolism.
Your sharp claws are effective at attacking unaware monsters.


Message History

Ouch! That really hurt!
* * * LOW HITPOINT WARNING * * *
You are too injured to fight recklessly!
You closely miss the hobgoblin.
The hobgoblin is almost dead.
The hobgoblin completely misses you.
You scratch the hobgoblin.
You kill the hobgoblin!
You scratch the kobold.
You kill the kobold!
The worm completely misses you.
Things that are here:
a +0 short sword of draining; a +0 club; a hobgoblin corpse You scratch the worm.
The worm is severely wounded.
You scratch the worm but do no damage.
The worm is severely wounded.
The worm bites you!
Ouch! That really hurt!
You die...

###########.#
..........#.#
#########.#.# ...#
#.#.# ##.# #.#.#
#.# #.#.# #.#
#รท#.#
##.######.#.#######
..........)....w@>#
.....####.#..######
.....# #.#..##
.....# #.....#
.....####.#.###
..........#.#
......)...#.#
..........#.#
..........###


You could see a worm.

Vanquished Creatures
  A ball python (D:1)
  3 bats (D:1)
  A giant cockroach (D:1)
  6 hobgoblins (D:1)
  4 kobolds (D:1)
  2 frilled lizards (D:1)
  2 goblins (D:1)
  3 rats (D:1)
22 creatures vanquished.

Notes
Turn   | Place    | Note
-------+----------+-------------------------------------------
     0 | D:1      | Descartes the Felid Transmuter began the quest for the Orb.
     0 | D:1      | Reached XP level 1. HP: 9/9 MP: 4/4
   232 | D:1      | Reached skill level 1 in Stealth
   472 | D:1      | Reached XP level 2. HP: 8/12 MP: 6/6
   476 | D:1      | Learned a level 2 spell: Sticks to Snakes
  1093 | D:1      | Mangled by a worm

Illustrated notes

Levels and vault maps discovered:
D:1:      scummos_arrival_simple_fountains, layout_basic
D:2:      layout_loops_ring, first_ration

Skill      XL: |  1  2 |
---------------+-------+-----
Stealth        | 1 2 |  2.0
Dodging        | 3 |  3.1
Fighting       | |  1.0
Unarmed Combat | |  3.4
Spellcasting   | |  2.0
Transmutations | |  2.3

Action                   || total
-------------------------++-------
Melee: Unarmed           ||    47
       Bite              ||     1
 Stab: Sleeping          ||     6
       Distracted        ||     1
  Eat: Chunk             ||     8
Dodge: Dodged            ||    26
